 Dungeon Crawl Stone Soup version 0.26-a0-599-gc8f6553 (webtiles) character file.

Game seed: 10311636118383829729

42 B1Gdaddy5 the Vexing (level 3, -2/20 HPs)
             Began as a Deep Elf Arcane Marksman on Aug 29, 2020.
             Slain by a quokka (3 damage)
             ... on level 3 of the Dungeon.
             The game lasted 00:14:26 (1638 turns).

B1Gdaddy5 the Vexing (Deep Elf Arcane Marksman)     Turns: 1638, Time: 00:14:29

Health: -2/20      AC:  3    Str:  7    XL:     3   Next: 35%
Magic:  8/8        EV: 12    Int: 17    God:
Gold:   128        SH:  0    Dex: 16    Spells: 3/6 levels left

rFire    . . .     SeeInvis .   a - +0 shortbow
rCold    . . .     Faith    .   (shield currently unavailable)
rNeg     . . .     Spirit   .   j - +0 leather armour
rPois    .         Reflect  .   (no helmet)
rElec    .         Harm     .   (no cloak)
rCorr    .                      (no gloves)
MR       .....                  (no boots)
Stlth    +.........             (no amulet)
HPRegen  0.06/turn              (no ring)
MPRegen  0.11/turn              (no ring)

@: no status effects
A: no striking features
a: no special abilities


You were on level 3 of the Dungeon.
You visited 1 branch of the dungeon, and saw 3 of its levels.

You collected 128 gold pieces.

Inventory:

Hand Weapons
 a - a +0 shortbow (weapon)
 g - a +0 dagger
Missiles
 d - 60 arrows (quivered)
Armour
 e - a +0 robe
 j - a +0 leather armour (worn)
Scrolls
 b - a scroll of amnesia {unknown}
 c - 2 scrolls of blinking {unknown}
 f - a scroll of fear {unknown}
 i - a scroll of fog {unknown}
 l - a scroll of identify {unknown}
Potions
 h - 3 potions of lignification {unknown}
 k - a potion of might {unknown}


   Skills:
 + Level 1.0 Fighting
 + Level 3.9 Bows
 + Level 2.5 Dodging
 + Level 2.2 Spellcasting
 + Level 4.5 Hexes


You had 3 spell levels left.
You knew the following spells:

 Your Spells              Type           Power        Failure   Level
a - Corona                Hex            ###....      4%          1
b - Slow                  Hex            ###.....     7%          2

Your spell library contained the following spells:

 Spells                   Type           Power        Failure   Level
 Inner Flame              Hex/Fire       #.......     32%         3
 Portal Projectile        Hex/Tloc       #.....       32%         3
 Cause Fear               Hex            ###.......   41%         4
 Leda's Liquefaction      Hex/Erth       #.........   73%         4


Dungeon Overview and Level Annotations

Branches:
Dungeon (3/15)

Altars:
Ashenzari


Message History

The hobgoblin hits you.
* * * LOW HITPOINT WARNING * * *
An orc comes into view. It is wielding a +0 mace.
The goblin hits you but does no damage. The rat closely misses you.
The quokka misses you.
The leopard gecko bites you but does no damage.
Unknown command.
Unknown command.
Unknown command.
Unknown command.
Unknown command.
Unknown command.
Firing (i - inventory)
d - 61 arrows (quivered)
Press: ? - help, Shift-Dir - straight line, f/p - leopard gecko
Aim: a leopard gecko (lightly wounded)
You shoot an arrow.
The arrow closely misses the leopard gecko.
The orc shouts!
The hobgoblin closely misses you. The goblin misses you. The quokka bites you.
You die...

# .# .. #####.#
#Sr@r.#
.....>.ggl.#
..o.....<.....#
.......######.#
###.... ..
#.... . #..?.
.....


You could see an adder, an orc, a leopard gecko, a quokka, a hobgoblin, a goblin
and a rat.

Vanquished Creatures
  An adder (D:2)
  An ooze (D:1)
  A worm (D:2)
  A dart slug (D:2)
  A leopard gecko (D:1)
  3 bats (D:1)
  3 giant cockroaches
  4 goblins (D:1)
  2 hobgoblins (D:1)
  2 kobolds (D:1)
  4 rats
23 creatures vanquished.

Notes
Turn   | Place    | Note
-------+----------+-------------------------------------------
     0 | D:1      | B1Gdaddy5 the Deep Elf Arcane Marksman began the quest for
                  | the Orb.
     0 | D:1      | Reached XP level 1. HP: 11/11 MP: 5/5
   101 | D:1      | Reached skill level 1 in Fighting
   209 | D:1      | Reached XP level 2. HP: 15/16 MP: 4/6
   462 | D:1      | Learned a level 2 spell: Slow
   500 | D:1      | Found a shattered altar of Ashenzari.
  1073 | D:2      | Reached XP level 3. HP: 15/20 MP: 3/8
  1637 | D:3      | HP: 1/20 [hobgoblin (2)]
  1638 | D:3      | Slain by a quokka

Illustrated notes

Levels and vault maps discovered:
D:1:      kennysheep_arrival_seaside, layout_rooms, ashenzari_altar_1
D:2:      layout_basic, chequers_ecumenical_altar_grove, minmay_lizard_pond,
          uniq_robin
D:3:      layout_basic

Skill      XL: |  1  2 |
---------------+-------+-----
Bows           | 3 |  3.9
Fighting       | 1 |  1.0
Spellcasting   | 2 |  2.2
Dodging        | |  2.5
Hexes          | |  4.5

Action                   || total
-------------------------++-------
 Fire: Shortbow          ||   115
 Cast: Corona            ||    21
       Slow              ||     6
Armor: Robe              ||    14
       Leather armour    ||     9
Dodge: Dodged            ||    59

Table legend: (Time is in decaauts)
 A = Elapsed time spent in this place.
 B = Non-inter-level travel time spent in this place.
 C = Inter-level travel time spent in this place.
 D = Time resting spent in this place.
 E = Time spent auto-exploring this place.
 F = Levels seen in this place.
 G = Mean time per level.
                   A        B        C        D        E       F      G
               +--------+--------+--------+--------+--------+-----+--------+
         Total |   1653 |   1592 |     61 |    521 |    288 |   3 |  551.0 |
       Dungeon |   1653 |   1592 |     61 |    521 |    288 |   3 |  551.0 |
               +--------+--------+--------+--------+--------+-----+--------+

Top non-repeatable levels by time:
     D:1: 1054 daAuts
     D:2: 592 daAuts
     D:3: 7 daAuts
